 Dungeon Sprint DCSS version 0.21-a0-203-gb066a6e (webtiles) character file.

1320 Kidiri the Protected (level 8, -2/74 HPs)
             Began as a Minotaur Fighter on Aug 19, 2017.
             Was a Believer of Okawaru.
             Slain by Snorg (3 damage)
             ... in the Dungeon (Sprint III: "The Ten Rune Challenge").
             The game lasted 00:11:13 (1362 turns).

Kidiri the Protected (Minotaur Fighter)             Turns: 1362, Time: 00:11:13

Health: -2/74      AC: 13    Str: 25    XL:     8   Next: 33%
Magic:  8/9        EV: 15    Int:  7    God:    Okawaru [**....]
Gold:   34         SH: 14    Dex: 10    Spells: 7/10 levels left

rFire    . . .     SeeInvis .   a - +0 war axe
rCold    . . .     Gourm    .   c - +0 shield
rNeg     . . .     Faith    .   b - +0 scale mail
rPois    .         Spirit   .   (helmet unavailable)
rElec    .         Reflect  .   e - +2 cloak
rCorr    .         Harm     .   (no gloves)
MR       .....     Clarity  +   (no boots) Stlth ++........NoTele +
                                (no amulet)
HPRegen  0.22/turn              (no ring)
MPRegen  0.11/turn              (no ring)

@: heroism
A: retaliatory headbutt, horns 3, clarity, clever 1, strong 1
a: Heroism, Renounce Religion


You were in the Dungeon.
You worshipped Okawaru.
Okawaru was pleased with you.
You were not hungry.

You visited 1 branch You collected 34 gold pieces.

Inventory:

Hand Weapons
 a - a +0 war axe (weapon)
Armour
 b - a +0 scale mail (worn)
 c - a +0 shield (worn)
 e - a +2 cloak (worn)
Scrolls
 k - a scroll of blinking
 m - 2 scrolls of immolation
 n - a scroll of identify
 o - 2 scrolls of remove curse
Potions
 d - 2 potions of might
 g - 3 potions of mutation
 h - a potion of haste
 i - 2 potions of magic
 q - 3 potions of flight
Books
 l - a book of Cantrips

   Spells                             Type                      Level
   a - Confusing Touch                Hexes                        1
   b - Animate Skeleton               Necromancy                   1
   c - Summon Small Mammal            Summoning                    1
   d - Apportation                    Translocation                1
Comestibles
 f - a bread ration
 p - a meat ration


   Skills:
 + Level 7.8(12.8) Fighting
 * Level 10.2(15.2) Axes
 + Level 5.7(10.7) Throwing
 * Level 10.5(15.5) Armour
 + Level 6.0(11.0) Dodging
 - Level 3.9(8.9) Stealth
 * Level 10.3(15.3) Shields
 * Level 1.6 Spellcasting
 + Level 3.4 Invocations


You had 7 spell levels left.
You knew the following spells:

 Your Spells              Type           Power        Failure   Level  Hunger
a - Animate Skeleton      Necr           N/A          58%         1    ##.....
b - Apportation           Tloc           #.....       58%         1    ##.....
c - Summon Small Mammal   Summ           #...         58%         1    ##.....


Dungeon Overview and Level Annotations

Branches:
Dungeon (1/1)

Altars:
Cheibriados
Dithmenos
Elyvilon
Fedhas
Gozag
Hepliaklqana
Kikubaaqudgha
Makhleb
Nemelex Xobeh
Okawaru
Qazlal
Ru
Sif Muna
Trog
Uskayaw
Vehumet
Wu Jian
Xom
Yredelemnul
Zin
The Shining One
Beogh
Jiyva
Lugonu

Annotations:
D exclusion: door, Snorg


Innate Abilities, Weirdness & Mutations

You reflexively headbutt those who attack you in melee.
You have a pair of large horns on your head.
You possess an exceptional clarity of mind.
Your mind is acute. (Int +2)
Your muscles are strong. (Str +2)


Message History

You block Snorg's attack. Snorg claws you!
* * * LOW HITPOINT WARNING * * *
You block Snorg's attack. Snorg misses you. You block Snorg's attack.
Snorg barely misses you.
Unknown command.
You completely miss Snorg. Your headbutt misses Snorg.
Snorg is lightly wounded.
Snorg misses you. You furiously retaliate!
You headbutt Snorg. You block Snorg's attack. Snorg claws you.
* * * LOW HITPOINT WARNING * * *
Unknown command.
You closely miss Snorg. You headbutt Snorg!
Snorg is lightly wounded.
Snorg barely misses you. You furiously retaliate!
You headbutt Snorg. You block Snorg's attack. x2
Unknown command.
You hit Snorg. You headbutt Snorg!
Snorg is moderately wounded.
Snorg bites you.
You die...

##.############
#..#___#___#__#
#..#)..#__.#._#
#..###+#+###+##
#..#.........)#
...'.⌠........#
...#...######+#
...#.⌠.#__#...#+#####
...#...#__#...#.@T§≈+
...#+###__#...#§#§§§#
...#...#__#...'.#§§§#
...#___#__+...#.#..§#
▓▓▓▓▓▓▓▓▓▓▓▓▓▓▓▓▓▓▓▓▓


You could see Snorg (berserk).

Vanquished Creatures
  A deep elf mage (D)
  A shadow (D)
  A spatial vortex (D)
  A necrophage (D)
  A water elemental (D)
  A jelly (D)
  Crazy Yiuf (D)
  Jessica (D)
  A wizard (D)
  A necromancer (D)
  3 humans (D)
  A kobold demonologist (D)
  An ooze (D)
  2 rats (D)
17 creatures vanquished.

Vanquished Creatures (others)
  2 draconian scorchers (D)
  6 hellions (D)
  2 yaktaurs (D)
10 creatures vanquished.

Grand Total: 27 creatures vanquished

Notes
Turn   | Place    | Note
-------+----------+-------------------------------------------
     0 | D        | Kidiri the Minotaur Fighter began the quest for the Orb.
     0 | D        | Reached XP level 1. HP: 19/19 MP: 0/0
    81 | D        | Noticed Jessica
    83 | D        | Killed a hellion
    92 | D        | Killed a hellion
    99 | D        | Killed Jessica
    99 | D        | Reached skill level 1 in Throwing
    99 | D        | Reached skill level 5 in Armour
    99 | D        | Reached skill level 1 in Dodging
    99 | D        | Reached skill level 1 in Stealth
    99 | D        | Reached XP level 2. HP: 13/27 MP: 1/1
    99 | D        | Reached XP level 3. HP: 16/33 MP: 2/2
   140 | D        | Killed a white draconian scorcher
   147 | D        | Killed a hellion
   170 | D        | Killed a hellion
   211 | D        | Killed a hellion
   212 | D        | Killed a hellion
   269 | D        | Killed a white draconian scorcher
   283 | D        | Reached skill level 5 in Shields
   287 | D        | Noticed Crazy Yiuf
   298 | D        | Killed Crazy Yiuf
   298 | D        | Reached skill level 5 in Axes
   298 | D        | Reached XP level 4. HP: 18/41 MP: 1/3
   322 | D        | Gained mutation: Your mind is acute. (Int +2) [potion of mutation]
   322 | D        | Gained mutation: Your muscles are strong. (Str +2) [potion of mutation]
   322 | D        | Gained mutation: You possess an exceptional clarity of mind. [potion of mutation]
   322 | D        | Gained mutation: You have a pair of large horns on your head. [potion of mutation]
   403 | D        | Killed a yaktaur
   449 | D        | Noticed a water elemental
   458 | D        | Killed a water elemental
   458 | D        | Reached skill level 5 in Fighting
   696 | D        | Found an ornate altar of the Wu Jian Council.
   696 | D        | Found an iron altar of Okawaru.
   697 | D        | Found a roughly hewn altar of Beogh.
   697 | D        | Found a bloodstained altar of Trog.
   697 | D        | Found a hide-covered altar of Uskayaw.
   697 | D        | Noticed a human
   697 | D        | Noticed a human
   703 | D        | Killed a human
   703 | D        | Reached XP level 5. HP: 50/50 MP: 4/4
   703 | D        | Reached XP level 6. HP: 57/57 MP: 5/5
   704 | D        | Killed a human
   713 | D        | Became a worshipper of Warmaster Okawaru
   761 | D        | Found a glowing silver altar of Zin.
   762 | D        | Found a glowing golden altar of the Shining One.
   762 | D        | Found a white marble altar of Elyvilon.
   762 | D        | Noticed a deep elf mage
   775 | D        | Killed a deep elf mage
   775 | D        | Reached * piety under Okawaru
   775 | D        | Reached ** piety under Okawaru
   775 | D        | Reached skill level 5 in Throwing
   775 | D        | Reached skill level 5 in Dodging
   775 | D        | Reached XP level 7. HP: 33/66 MP: 5/7
   788 | D        | Killed a yaktaur
   937 | D        | Found a radiant altar of Vehumet.
   938 | D        | Found a deep blue altar of Sif Muna.
   938 | D        | Found an ancient bone altar of Kikubaaqudgha.
   941 | D        | Noticed a ynoxinul
   967 | D        | Learned a level 1 spell: Animate Skeleton
   969 | D        | Learned a level 1 spell: Apportation
   971 | D        | Learned a level 1 spell: Summon Small Mammal
  1024 | D        | Found a basalt altar of Yredelemnul.
  1024 | D        | Found a shadowy altar of Dithmenos.
  1024 | D        | Found a sacrificial altar of Ru.
  1033 | D        | Reached skill level 10 in Armour
  1033 | D        | Reached skill level 10 in Shields
  1034 | D        | Reached XP level 8. HP: 57/73 MP: 9/9
  1115 | D        | Reached skill level 10 in Axes
  1115 | D        | Reached skill level 1 in Spellcasting
  1326 | D        | Found a blossoming altar of Fedhas.
  1326 | D        | Found a stormy altar of Qazlal.
  1326 | D        | Found a snail-covered altar of Cheibriados.
  1326 | D        | Found a burning altar of Makhleb.
  1326 | D        | Found a shimmering altar of Xom.
  1327 | D        | Found a hazy altar of Hepliaklqana.
  1327 | D        | Found an opulent altar of Gozag.
  1327 | D        | Found a sparkling altar of Nemelex Xobeh.
  1327 | D        | Found a corrupted altar of Lugonu.
  1327 | D        | Found a viscous altar of Jiyva.
  1351 | D        | Noticed Snorg
  1360 | D        | HP: 1/74 [Snorg (5)]
  1362 | D        | Slain by Snorg

Vault maps used:
D:        dungeon_sprint_mu

Skill      XL: |  1  2  3  4  5  6  7  8 |
---------------+-------------------------+-----
Axes           | 4 5 7 9 10 | 10.2
Armour         | 5 7 9 10 | 10.5
Shields        | 4 5 7 9 10 | 10.3
Fighting       | 4 5 7 |  7.8
Throwing       | 1 2 3 5 |  5.7
Dodging        | 1 2 3 5 6 |  6.0
Stealth        | 1 2 3 |  3.9
Invocations    | 2 3 |  3.4
Spellcasting   | 1 |  1.6

Action                   |  1- 3 |  4- 6 |  7- 9 || total
-------------------------+-------+-------+-------++-------
Melee: War axe           |    40 |    22 |    43 ||   105
       Headbutt          |     5 |     8 |     8 ||    21
Invok: Heroism           |       |       |     1 ||     1
  Use: Potion            |     1 |     3 |       ||     4
       Scroll            |       |     2 |       ||     2
  Eat: Royal jelly       |       |       |     2 ||     2
       Chunk             |       |       |     1 ||     1
Armor: Scale mail        |    14 |     3 |    12 ||    29
Dodge: Dodged            |     3 |     4 |    16 ||    23
Block: Shield            |    17 |    14 |    27 ||    58
